 Dungeon Crawl Stone Soup version 0.17.1-3-g152610e (webtiles) character file.

3289 kaze the Nimble (level 9, 0/89 HPs)
             Began as a Troll Berserker on Mar 10, 2016.
             Was an Elder of Trog.
             Slain by a killer bee (3 damage)
             ... on level 8 of the Dungeon.
             The game lasted 00:16:46 (6193 turns).

kaze the Nimble (Troll Berserker)                   Turns: 6193, Time: 00:16:46

Health: 0/89       AC:  9    Str: 30    XL:     9   Next: 69%
Magic:  8/8        EV: 12    Int:  3    God:    Trog [****..]
Gold:   364        SH:  0    Dex:  9    Spells: 0 memorised, 8 levels left

rFire  . . .     SeeInvis .     i - +4 flail
rCold  . . .     Clarity  .     c - +0 steam dragon armour
rNeg   . . .     SustAt   +     (no shield)
rPois  +         Gourm    +     (helmet restricted)
rElec  .         Spirit   .     o - +0 cloak
rCorr  .         Warding  .     (gloves unavailable)
rMut   .         Stasis   .     (boots unavailable)
MR     .....                    (no amulet)
Stlth  +.........               l - ring of sustain attributes
                                e - ring of poison resistance

@: lethally poisoned (0 -> -3), not resistant to hostile enchantments, very
unstealthy
A: unfitting armour, claws 3, fast metabolism 3, gourmand, regeneration 2,
shaggy fur 1, tough skin 2
a: Berserk, Trog's Hand, Brothers in Arms, Burn Spellbooks, Renounce Religion


You were on level 8 of the Dungeon.
You worshipped Trog.
Trog was greatly pleased with you.
You were near starving.

You visited 1 branch of the dungeon, and saw 8 of its levels.

You collected 364 gold pieces.

Inventory:

Hand Weapons
 i - a +4 flail (weapon)
Missiles
 t - 11 tomahawks (quivered)
 u - 8 javelins of penetration
 x - 3 tomahawks of returning
Armour
 c - a +0 steam dragon armour (worn)
 o - a +0 cloak (worn)
Jewellery
 e - a ring of poison resistance (left claw)
 l - a ring of sustain attributes (right claw)
Wands
 d - a wand of paralysis (18)
Scrolls
 g - a scroll of fog
 h - 4 scrolls of identify
 k - 2 scrolls of remove curse
 r - 4 scrolls of teleportation
Potions
 a - a potion of brilliance {unknown}
 j - a potion of agility
Comestibles
 b - 5 bread rations
 f - 8 fruits
 p - a meat ration
 q - 2 beef jerkies
 v - a slice of pizza


   Skills:
 + Level 5.7 Fighting
 + Level 2.2(3.7) Maces & Flails
   Level 4.1(4.4) Staves
 + Level 1.5 Throwing
 + Level 8.1 Dodging
 - Level 1.1 Stealth
 + Level 5.5 Unarmed Combat


You had 8 spell levels left.
You didn't know any spells.

Dungeon Overview and Level Annotations

Branches:
Dungeon (8/15)             Temple (0/1) D:7
   Lair: D:8-11

Altars:
Dithmenos
Elyvilon
Makhleb
Nemelex Xobeh
Ru
Trog
Xom
Yredelemnul
Zin
The Shining One

Annotations:
D:8 1 runed door


Innate Abilities, Weirdness & Mutations

You are too large for most types of armour.
You have claws for hands.
Your metabolism is lightning-fast.
You like to eat raw meat.
You heal very quickly.
You are covered in fur (AC +1).
You have very tough skin (AC +2).


Message History

You closely miss the killer bee.
You feel sick. The killer bee completely misses you.
The killer bee closely misses you.
Unknown command.
You closely miss the killer bee. The killer bee stings you.
* * * LOW HITPOINT WARNING * * *
You are more poisoned.
The killer bee poisons you! The killer bee barely misses you.
The killer bee stings you!
* * * LOW HITPOINT WARNING * * *
You closely miss the killer bee.
You feel sick. The killer bee closely misses you. The killer bee stings you.
* * * LOW HITPOINT WARNING * * *
You are lethally poisoned!
The killer bee poisons you!
Unknown command.
You hit the killer bee.
The killer bee is moderately wounded.
* * * LOW HITPOINT WARNING * * *
You feel sick. The killer bee stings you.
You die...

########################
........................ .
........=..........)..##
...#####@##..........#.##
..#.#####y##..........#..#
..........##.............#
#......†.##..............
###......##..............
#.....###..............
##....##...........###.
.....##...........# #.
.#..####...........# #.


You could see a killer bee.

Vanquished Creatures
  Joseph (D:7)
  Sigmund (D:2)
  Menkaure (D:7)
  A water moccasin (D:6)
  3 ogres
  2 phantoms
  A centaur (D:7)
  A necrophage (D:7)
  2 big kobolds (D:8)
  17 killer bees
  2 scorpions
  7 wights
  2 crimson imps
  4 orc priests
  A giant frog skeleton (D:4)
  A jelly (D:6)
  2 orc wizards
  Crazy Yiuf (D:4)
  2 hounds (D:7)
  An iguana (D:6)
  Terence (D:2)
  Natasha (thrice) (D:2)
  6 worker ants
  A hound skeleton (D:7)
  4 gnolls (D:5)
  7 adders
  A shadow imp (D:7)
  2 oozes
  3 worms
  An adder skeleton (D:5)
  6 giant geckos
  20 orcs
  6 bats
  6 giant cockroaches
  3 goblins
  4 hobgoblins
  4 jackals (D:2)
  4 quokkas
  A giant gecko skeleton (D:5)
  A giant gecko zombie (D:4)
  2 giant newts
  A jackal zombie (D:6)
  13 kobolds
  A quokka zombie (D:5)
  5 rats
159 creatures vanquished.

Notes
Turn   | Place    | Note
--------------------------------------------------------------
     0 | D:1      | kaze the Troll Berserker began the quest for the Orb.
     0 | D:1      | Reached XP level 1. HP: 22/22 MP: 0/0
   208 | D:1      | Found a sparkling altar of Nemelex Xobeh.
   411 | D:1      | Reached XP level 2. HP: 27/29 MP: 1/1
   538 | D:2      | Noticed Terence
   551 | D:2      | Killed Terence
   551 | D:2      | Reached XP level 3. HP: 26/37 MP: 2/2
   633 | D:2      | Noticed Natasha
   642 | D:2      | Killed Natasha
   642 | D:2      | Reached XP level 4. HP: 43/45 MP: 3/3
   685 | D:2      | Found a glowing golden altar of the Shining One.
   698 | D:2      | Noticed Natasha
   709 | D:2      | Killed Natasha
   710 | D:2      | Reached skill level 4 in Unarmed Combat
   848 | D:2      | Noticed Sigmund
   876 | D:2      | Killed Sigmund
   876 | D:2      | Reached XP level 5. HP: 24/53 MP: 4/4
   904 | D:2      | Reached ** piety under Trog
  1031 | D:2      | Reached XP level 6. HP: 61/61 MP: 5/5
  1131 | D:2      | Noticed Natasha
  1134 | D:2      | Killed Natasha
  1395 | D:3      | Found a basalt altar of Yredelemnul.
  1437 | D:3      | Found a faded altar to an unknown god.
  1532 | D:3      | Found a glowing silver altar of Zin.
  2303 | D:4      | Found a sacrificial altar of Ru.
  2396 | D:4      | Reached skill level 5 in Unarmed Combat
  2796 | D:4      | Noticed Crazy Yiuf
  2806 | D:4      | Killed Crazy Yiuf
  3033 | D:5      | Entered Level 5 of the Dungeon
  3039 | D:5      | Reached XP level 7. HP: 68/68 MP: 6/6
  3255 | D:5      | Reached *** piety under Trog
  3468 | D:5      | Reached skill level 1 in Staves
  3678 | D:5      | Reached skill level 5 in Dodging
  3679 | D:5      | Reached skill level 1 in Stealth
  3903 | D:6      | Found a bloodstained altar of Trog.
  4097 | D:6      | Reached XP level 8. HP: 66/78 MP: 7/7
  4099 | D:6      | Reached skill level 1 in Throwing
  4324 | D:6      | Found a sparkling altar of Nemelex Xobeh.
  4749 | D:7      | Reached skill level 6 in Dodging
  4757 | D:7      | Noticed Joseph
  4759 | D:7      | Noticed Menkaure
  4765 | D:7      | Killed Joseph
  4768 | D:7      | Killed Menkaure
  4814 | D:7      | Reached skill level 5 in Fighting
  4832 | D:7      | Reached XP level 9. HP: 68/88 MP: 8/8
  5022 | D:7      | Found a shimmering altar of Xom.
  5057 | D:7      | Found a white marble altar of Elyvilon.
  5067 | D:7      | Found a staircase to the Ecumenical Temple.
  5179 | D:7      | Reached **** piety under Trog
  5484 | D:7      | Found a shadowy altar of Dithmenos.
  5684 | D:7      | Found a burning altar of Makhleb.
  5700 | D:7      | Reached skill level 1 in Maces & Flails
  5793 | D:7      | Reached skill level 7 in Dodging
  5959 | D:8      | Found a glowing silver altar of Zin.
  6060 | D:8      | Found a runed door.
  6176 | D:8      | Reached skill level 8 in Dodging
  6192 | D:8      | HP: 3/89 [killer bee (6)]
  6193 | D:8      | Slain by a killer bee

Action                   |  1- 3 |  4- 6 |  7- 9 || total
-------------------------+-------+-------+-------++-------
Melee: Unarmed           |    49 |   139 |       ||   188
       Quarterstaff      |       |     5 |   173 ||   178
       Halberd           |       |       |     4 ||     4
       Flail             |       |       |   171 ||   171
Throw: Tomahawk          |       |       |     5 ||     5
Invok: Berserk           |     1 |     3 |     8 ||    12
       Trog's Hand       |       |       |     5 ||     5
       Burn Spellbooks   |       |       |     1 ||     1
  Use: Scroll            |       |     8 |     5 ||    13
       Potion            |       |     2 |     3 ||     5
 Stab: Sleeping          |       |     1 |       ||     1
       Confused          |       |       |     2 ||     2
       Paralysed         |       |       |     2 ||     2
       Petrifying        |       |       |     1 ||     1
  Eat: Chunk             |    11 |    19 |    24 ||    54
       Bread ration      |       |     1 |     2 ||     3
       Beef jerky        |       |     1 |       ||     1
